[Event "Late-Titled-Tuesday-Blitz-January-16-2024"]
[Site "Chess.com"]
[Date "2024.01.16"]
[Round "2"]
[White "Mikhail_Golubev"]
[Black "GrotBchess"]
[Result "1-0"]
[WhiteElo "2537"]
[BlackElo "2307"]
[TimeControl "180+1"]
[EndTime "14:18:35 PST"]
[Termination "Mikhail_Golubev won by checkmate"]

1. e4 c5 2. Nf3 e6 3. d4 cxd4 4. Nxd4 Nc6 5. Nc3 Qc7 6. Be3 a6 7. Bd3 Nf6 8. O-O Be7 9. f4 d6 10. Qf3 Nxd4 11. Bxd4 b5 12. Qg3 Rg8 13. e5 Nd7 14.
Bxh7 Rf8 15. exd6 Bxd6 16. Bxg7 Bb7 17. Bxf8 Nxf8 18. Be4 O-O-O 19. Qf3 Bc5+ 20. Kh1 Bxe4 21. Nxe4 Bb6 22. Rad1 Rxd1 23. Rxd1 Ng6 24. Nd6+ Kb8 25. c3 Bc5 26. Ne4 Bb6 27. Nf6 Nf8 28. Qe4 Ka7 29.
a4 Qe7 30. Ng8 Qc7 31. axb5 a5 32. b4 f5 33. Qe5 Qf7 34. bxa5 Bxa5 35. Ra1 Kb6 36.
Qd6+ Kb7 37. Qa6+ Kb8 38. Rxa5 Qd7 39. Qb6+ Qb7 40. Qd8+ Qc8 41. Ra8+ Kxa8 42. Qxc8+ Ka7 43. Qa6+ Kb8 44. b6 Nd7 45. Qa7+ Kc8 46. b7+ Kd8 47.
b8=Q+ Nxb8 48. Qxb8+ Kd7 49. Qe5 Kc6 50. Qxe6+ Kc5 51.
Qxf5+ Kc4 52. h4 Kxc3 53. h5 Kd2 54. h6 Ke2 55. h7 Kf2 56. h8=Q Kg3 57. Qc3+ Kf2 58.
Qfc2+ Kf1 59. Qa1# 1-0

[Event "Late-Titled-Tuesday-Blitz-January-16-2024"]
[Site "Chess.com"]
[Date "2024.01.16"]
[Round "2"]
[White "ATM622"]
[Black "PawnEatingZombie"]
[Result "1/2-1/2"]
[WhiteElo "2478"]
[BlackElo "2164"]
[TimeControl "180+1"]
[EndTime "14:18:38 PST"]
[Termination "Game drawn by repetition"]

1. d4 Nf6 2. c4 g6 3. g3 Bg7 4.
Bg2 O-O 5. Nf3 d6 6. O-O Nc6 7. Nc3 e5 8. dxe5 dxe5 9. Bg5 Be6 10. b3 h6 11. Bxf6 Bxf6 12. e4 Qxd1 13. Raxd1 Bg4 14. Nd5 Bd8 15. h3 Bxf3 16. Bxf3 Nd4 17. Bg2 c6 18. Ne3 Bc7 19. Kh1 Kg7 20. f4 f6 21. c5 a5 22.
Nc4 Rfd8 23. Rd3 Ne6 24. Rfd1 Rxd3 25. Rxd3 exf4 26. Rd7+ Kf8 27. gxf4 Rd8 28. Rxd8+ Nxd8 29. f5 g5 30. Kg1 Nf7 31. Kf2 Ne5 32. Nxe5 Bxe5 33.
Ke3 h5 34. Bf3 h4 35. Kd3 Ke7 36. Kc4 Kd7 37. Bh5 Kc7 38. Bf7 b5+ 39. cxb6+ Kxb6 40.
Bh5 Bf4 41. Bf3 Be5 42. a3 Bf4 43. b4 axb4 44. axb4 Be5 45. Bh5 Bf4 46. Bd1 Kc7 47. Kd4 Kd6 48. Be2 Be5+ 49. Kc4 Bg3 50. Kd4 Be1 51. Kc4 Bd2 52. Bf1 Be1 53. Kb3 Ke5 54.
Bg2 Bf2 55. Kc4 Kd6 56. Bf3 Be3 57. Bg2 Bd2 58. Bf3 Be1 59. Bg2 Bf2 60. Bh1 Be1 61. Bg2 Bf2 1/2-1/2

[Event "Late-Titled-Tuesday-Blitz-January-16-2024"]
[Site "Chess.com"]
[Date "2024.01.16"]
[Round "2"]
[White "mistrzemi"]
[Black "Arifarsky"]
[Result "1/2-1/2"]
[WhiteElo "2415"]
[BlackElo "2716"]
[TimeControl "180+1"]
[EndTime "14:18:40 PST"]
[Termination "Game drawn by repetition"]

1. d4 Nf6 2. Nf3 d5 3. Bf4 c5 4. e3 Nc6 5. Nbd2 Bf5 6. c3 e6 7.
Bb5 Qb6 8. Qa4 a6 9. Bxc6+ bxc6 10. O-O Qb5 11. Qxb5 cxb5 12. a4 b4 13. cxb4 cxd4 14.
Nxd4 Bxb4 15. Nxf5 exf5 16. Nf3 O-O 17. Be5 Ne4 18.
Rfd1 Rfd8 19. Nd4 Rac8 20. Nxf5 f6 21. Bd4 Rc2 22. f3 Nd2 23. Rac1 Rdc8 24. Bc3 Rxc1 25.
Rxc1 Nb3 26. Rd1 Bf8 27. Rxd5 Nc5 28. a5 Kf7 29. Nd6+ Ke6 30. Nxc8 Kxd5 31. Nb6+ Kc6 32. Kf2 Kb5 33. Ke2 Na4 34. Kd3 Nxc3 35. Kxc3 Kxa5 36. Nd5 Kb5 37. b3 a5 38. e4 Bd6 39. h4 Be5+ 40.
Kd3 Kc5 41. h5 Bb2 42. g4 Ba1 43. Ne7 Kb4 44. Kc2 Kc5 45. Nf5 g6 46. hxg6 hxg6 47. Nh4 g5 48. Nf5 Be5 49. Ne3 Kd4 50. Nd5 Kc5 51. Kd3 Kb5 52. Kc2 Kc5 53. Kd3 Bb2 54. Kc2 Bd4 55. Kd2 Be5 56. Kd3 1/2-1/2

[Event "Late-Titled-Tuesday-Blitz-January-16-2024"]
[Site "Chess.com"]
[Date "2024.01.16"]
[Round "2"]
[White "GianmarcoVaR"]
[Black "Balla_Tamas"]
[Result "1-0"]
[WhiteElo "2735"]
[BlackElo "2458"]
[TimeControl "180+1"]
[EndTime "14:18:42 PST"]
[Termination "GianmarcoVaR won by resignation"]

1. d4 d5 2. Nf3 Nf6 3. Bf4 e6 4.
e3 Bd6 5. Nbd2 O-O 6. Bg3 b6 7. Bd3 c5 8. O-O Ba6 9. c4 Bxg3 10. hxg3 cxd4 11. Nxd4 dxc4 12. Nxc4 Nbd7 13. Rc1 Rc8 14. Qf3 Bxc4 15. Bxc4 Ne5 16. Qe2 Nxc4 17. Rxc4 Qd5 18.
Rfc1 Rxc4 19. Qxc4 Qh5 20. Qb5 e5 21. Nf3 Re8 22. Rc7 Qh6 23. Qc4 Qh5 24. Rxa7 e4 25. Nh2 Rd8 26. g4 Nxg4 27. Nf1 h6 28. Qxe4 Nf6 29. Qf3 Qb5 30. Ra8 Rxa8 31. Qxa8+ Kh7 32. Qa3 Qd5 33. Qb4 Qc6 34. Qd2 g6 35. Ng3 Ne4 36.
Nxe4 Qxe4 37. a3 Qb1+ 38. Kh2 Qf5 39. f3 Qh5+ 40. Kg1 Qe5 41. Qd4 Qg3 42. Kf1 Qc7 43.
a4 Qc1+ 44. Kf2 Qc2+ 45. Kg3 Qc7+ 46. Kh3 Qc8+ 47. Kh2 Qc7+ 48. f4 Qe7 49. Kg3 Qc7 50. b4 h5 51. b5 Qe7 52. Kf2 Qa3 53. Kg3 Qa2 54. Qe4 Qb1 55. Qxb1 1-0

[Event "Late-Titled-Tuesday-Blitz-January-16-2024"]
[Site "Chess.com"]
[Date "2024.01.16"]
[Round "2"]
[White "anasta10"]
[Black "EcosseKillie"]
[Result "1-0"]
[WhiteElo "2519"]
[BlackElo "2256"]
[TimeControl "180+1"]
[EndTime "14:18:43 PST"]
[Termination "anasta10 won by checkmate"]

1. Nf3 Nc6 2. c4 e5 3. Nc3 f5 4. d3 Nf6 5. g3 Bb4 6. Bg2 Bxc3+ 7.
bxc3 e4 8. Nd4 d6 9. Nxc6 bxc6 10. O-O O-O 11. Bg5 Re8 12. Qc2 h6 13.
Bxf6 Qxf6 14. dxe4 fxe4 15. Bxe4 Bh3 16. Bxc6 Rad8 17. Bg2 Be6 18. Bd5 Qe5 19. Bxe6+ Rxe6 20. e3 Qc5 21. Rfd1 Rde8 22. Rd4 h5 23. Rad1 Rf8 24.
Qe2 g6 25. Rd5 Qa3 26. c5 Ref6 27. cxd6 cxd6 28. f4 Re8 29. R1d3 Rfe6 30. Qd2 Kh7 31. Rxd6 Rxd6 32. Rxd6 Rxe3 33. Qxe3 Qxd6 34. Qxa7+ Kh6 35. Qd4 Qb8 36. Kf2 Qb2+ 37. Kf3 Qb7+ 38. Ke3 Qe7+ 39. Qe5 Qa7+ 40. Kd3 Kh7 41. Qd5 Qf2 42. c4 Qxa2 43.
Kd4 Qxh2 44. c5 Qd2+ 45. Ke5 Qc3+ 46. Kd6 Qxg3 47. Qf7+ Kh8 48. c6 Qd3+ 49. Kc7 h4 50. Qf6+ Kh7 51. Qxh4+ Kg7 52. Qe7+ Kh6 53. Qg5+ Kg7 54.
Qe5+ Kh6 55. Qh8# 1-0

[Event "Late-Titled-Tuesday-Blitz-January-16-2024"]
[Site "Chess.com"]
[Date "2024.01.16"]
[Round "2"]
[White "CamillaEffect"]
[Black "Elsa167"]
[Result "0-1"]
[WhiteElo "2546"]
[BlackElo "2852"]
[TimeControl "180+1"]
[EndTime "14:18:44 PST"]
[Termination "Elsa167 won by resignation"]

1. e4 e6 2. d4 d5 3. e5 c5 4.
c3 Nc6 5. Nf3 Qb6 6. a3 c4 7. Nbd2 Na5 8. b4 cxb3 9. Bb2 Bd7 10.
c4 dxc4 11. Nxc4 Nxc4 12. Bxc4 Ne7 13. O-O Bc6 14. Ng5 h6 15. Qh5 g6 16. Qh3 Bd5 17. Bxd5 Nxd5 18. Ne4 Be7 19. Rac1 Kf8 20. Rc4 Kg7 21. Nd2 Rac8 22. Rfc1 Rxc4 23. Rxc4 Rd8 24. Qxb3 Qxb3 25. Nxb3 Rd7 26. g3 Rc7 27. Rxc7 Nxc7 28. Kf1 b6 29. Ke2 Kf8 30. Kd3 Ke8 31. Ke4 Kd7 32.
f4 h5 33. h3 Kc6 34. g4 hxg4 35. hxg4 Kb5 36. Nd2 Ka4 37. f5 gxf5+ 38. gxf5 Bxa3 39. Bxa3 Kxa3 40. Nc4+ Kb3 41. Nd6 a5 42. Nxf7 exf5+ 43. Kxf5 a4 44. Ke4 a3 45. d5 a2 46. d6 Ne6 47. Kd5 Nc5 48. Kc6 a1=Q 49. Kxb6 Ne6 50. d7 Qd4+ 51. Kc6 Kb4 52. Nd6 Qxe5 53. Nb7 Qe4+ 54. Kb6 Qd4+ 55. Kc6 Kc4 56. Nd6+ Kd3 57. Nb5 Qc4+ 58. Kb7 Qxb5+ 59. Kc8 Qc6+ 60. Kb8 Qc7+ 61. Ka8 Qxd7 0-1

[Event "Late-Titled-Tuesday-Blitz-January-16-2024"]
[Site "Chess.com"]
[Date "2024.01.16"]
[Round "2"]
[White "TimGrutter03"]
[Black "chenxiaoyuer"]
[Result "1-0"]
[WhiteElo "2545"]
[BlackElo "2767"]
[TimeControl "180+1"]
[EndTime "14:18:44 PST"]
[Termination "TimGrutter03 won by checkmate"]

1. Nf3 Nf6 2. c4 g6 3. b3 Bg7 4.
Bb2 O-O 5. e3 d6 6. Be2 e5 7. d3 Re8 8. O-O Nbd7 9. Nbd2 c6 10. a3 d5 11. e4 dxe4 12. Nxe4 Nxe4 13. dxe4 Qe7 14. b4 Nf8 15. c5 Bg4 16. Bc4 Qf6 17.
Be2 Rad8 18. Qb3 h5 19. h3 Bxf3 20. Bxf3 Ne6 21. Rad1 Ng5 22. Qe3 Bh6 23. Qe2 Ne6 24.
g3 Ng5 25. Bg2 Qe7 26. h4 Ne6 27. Bxe5 Nxc5 28. Ba1 Na4 29. Rxd8 Rxd8 30. Rd1 Bg7 31. Bxg7 Kxg7 32. Qc2 Rxd1+ 33. Qxd1 Nc3 34. Qd4+ Qf6 35. Qxa7 Ne2+ 36. Kh2 Qa1 37. Qe3 Nd4 38. Qf4 Ne6 39. Qe3 Qb2 40. e5 Qc2 41. Bh3 Nc7 42. Qf4 Nd5 43. Qd4 Qc3 44. Qxc3 Nxc3 45. Bc8 b6 46. Bd7 c5 47. bxc5 bxc5 48. a4 Nd5 49. a5 c4 50.
a6 c3 51. a7 Nb6 52. Ba4 f6 53. e6 Kf8 54. Bb3 Ke7 55. Kg2 f5 56. Kf3 Kd6 57.
Kf4 c2 58. Bxc2 Kxe6 59. Kg5 Kf7 60. Bb3+ Kg7 61. Bd5 Nxd5 62. a8=Q Ne7 63. Qa7 Kf7 64.
Qd7 Kf8 65. Kf6 Ng8+ 66. Kxg6 Ne7+ 67. Kxh5 Nd5 68. Qxd5 f4 69. Qd7 f3 70. Kg6 Kg8 71.
Qe8# 1-0

[Event "Late-Titled-Tuesday-Blitz-January-16-2024"]
[Site "Chess.com"]
[Date "2024.01.16"]
[Round "2"]
[White "dasatcu90"]
[Black "sjoerd893"]
[Result "1-0"]
[WhiteElo "2298"]
[BlackElo "2504"]
[TimeControl "180+1"]
[EndTime "14:18:44 PST"]
[Termination "dasatcu90 won by checkmate"]

1. d4 d5 2. Nf3 Nf6 3. e3 e6 4.
Bd3 c5 5. c3 Nc6 6. Nbd2 Bd7 7.
O-O Be7 8. Qe2 O-O 9. dxc5 Bxc5 10. e4 Rc8 11. e5 Ne8 12. Nb3 Be7 13. h4 Bxh4 14.
Nxh4 Qxh4 15. g3 Qh3 16. Re1 f6 17. exf6 Nxf6 18. Qf1 e5 19. Qxh3 Bxh3 20. Be3 b6 21.
Bg5 e4 22. Bb5 Ne5 23. Nd4 Nfg4 24. Bf4 g5 25. Bxe5 Rxf2 26. Bf1 Bxf1 27. Rxf1 Rxf1+ 28. Rxf1 Nxe5 29. Rf5 Nf7 30. Rxd5 Re8 31. Kf2 Ne5 32.
Ke2 h6 33. Nf5 Kh7 34. Rd6 Nf7 35. Rd7 Kg6 36. Ne3 a5 37. Rb7 Re6 38. c4 Ne5 39. b3 Nd3 40. Nd5 Nc1+ 41. Ke3 Nxa2 42. Nxb6 Nc1 43.
Nd5 h5 44. Rb5 Re8 45. Rxa5 Nxb3 46. Ra6+ Kg7 47. Ra7+ Kf8 48. Nf6 Re6 49. Nxh5 Rh6 50. g4 Rd6 51. Kxe4 Nc5+ 52. Ke5 Rd2 53. Kf5 Nd3 54.
Kxg5 Ne5 55. Nf6 Nxc4 56. Kg6 Rd8 57. Rf7# 1-0

[Event "Late-Titled-Tuesday-Blitz-January-16-2024"]
[Site "Chess.com"]
[Date "2024.01.16"]
[Round "2"]
[White "sofaceindisguise"]
[Black "ritanovikova"]
[Result "1-0"]
[WhiteElo "2654"]
[BlackElo "2175"]
[TimeControl "180+1"]
[EndTime "14:18:45 PST"]
[Termination "sofaceindisguise won on time"]

1. e4 d5 2. exd5 Qxd5 3. Nc3 Qd6 4.
d4 Nf6 5. Nf3 a6 6. Ne5 Nc6 7.
Nxc6 Qxc6 8. d5 Qd6 9. g3 Bg4 10.
Qd3 O-O-O 11. Bg2 e6 12. Bf4 Qb4 13. O-O Nxd5 14. Nxd5 exd5 15. Be5 f6 16. Bd4 Qc4 17. Qd2 Bc5 18. c3 Bxd4 19. cxd4 Qe2 20. Qf4 Qe6 21.
Rfc1 Rd7 22. b4 g5 23. Qd2 Bh3 24. Bxh3 Qxh3 25. a4 h5 26. b5 a5 27. Qxa5 Kb8 28.
b6 cxb6 29. Qxb6 h4 30. Ra2 hxg3 31. fxg3 Qg4 32. Qxf6 Re8 33. Rac2 Qe4 34. a5 Qe3+ 35. Qf2 Qe4 36. a6 Rde7 37. axb7 Rxb7 38. Rb2 Qe3 39. Qxe3 Rxe3 40. Rxb7+ Kxb7 41. Rc5 g4 42. Rxd5 Kc6 43. Rg5 Re4 44. d5+ Kd6 45. Kf2 Ra4 46. Ke3 Rb4 47. Rh5 Ra4 48. Kd3 Rb4 49. Kc3 Ra4 50.
Rh4 Kxd5 51. Kd3 Ra3+ 52. Ke2 Ra4 53. Ke3 Ra3+ 54. Kf4 Ra5 55. Rh5+ 1-0

[Event "Late-Titled-Tuesday-Blitz-January-16-2024"]
[Site "Chess.com"]
[Date "2024.01.16"]
[Round "2"]
[White "mbojan"]
[Black "ValeriyGrinev"]
[Result "0-1"]
[WhiteElo "2852"]
[BlackElo "2570"]
[TimeControl "180+1"]
[EndTime "14:18:46 PST"]
[Termination "ValeriyGrinev won on time"]

1. a3 d5 2. e3 e5 3. d4 exd4 4. exd4 Nf6 5. Bd3 c5 6. Nf3 Nc6 7. O-O cxd4 8. Nbd2 Bd6 9. Re1+ Be6 10. Nb3 O-O 11.
Nfxd4 Bg4 12. f3 Bh5 13. Be3 Re8 14. Qd2 Ne5 15. Bf2 Nc4 16. Bxc4 dxc4 17. Rxe8+ Qxe8 18. Nc1 Rd8 19. Nce2 Bg6 20. Re1 Qd7 21. h3 Bb8 22. c3 h6 23. Bg3 Bxg3 24. Nxg3 Bd3 25. Qf4 Nd5 26. Qe5 Nf6 27. Qe7 Re8 28. Qxd7 Rxe1+ 29. Kf2 Nxd7 30. Kxe1 Nc5 31. Kd2 g6 32. Nh1 Bf1 33. g4 Nd3 34. Ng3 Bxh3 35. b4 Bg2 36. Ke2 Kg7 37. Ne4 h5 38. gxh5 gxh5 39. Nd6 h4 40.
N6f5+ Kf6 41. Nxh4 Bh3 42. f4 Nxf4+ 43. Ke3 Nd5+ 44. Kd2 Bg4 45. Ng2 Ke5 46. Ne3 Nxe3 47. Kxe3 f5 48. Nb5 f4+ 49. Kd2 a6 50. Nd4 Ke4 51. a4 f3 52. Ke1 Kd3 53. b5 Kxc3 54.
bxa6 bxa6 55. Nc6 Kb3 56. a5 c3 57. Ne5 c2 58. Kd2 f2 59. Nxg4 f1=Q 60. Ne3 Qf2+ 61.
Kd3 Qxe3+ 62. Kxe3 c1=Q+ 63. Kd4 Qc4+ 64. Ke5 Qd3 65.
Kf6 Qe4 66. Kg5 Qf3 67. Kg6 Qf4 68. Kg7 Qf5 69. Kg8 Qd7 70. Kf8 Kc4 71. Kg8 Kd5 72. Kf8 Ke6 73. Kg8 Kf6 0-1

[Event "Late-Titled-Tuesday-Blitz-January-16-2024"]
[Site "Chess.com"]
[Date "2024.01.16"]
[Round "2"]
[White "Hrant_ChessMood"]
[Black "AmanteDeMoi"]
[Result "1-0"]
[WhiteElo "2895"]
[BlackElo "2562"]
[TimeControl "180+1"]
[EndTime "14:18:47 PST"]
[Termination "Hrant_ChessMood won on time"]

1. d4 g6 2. e4 Bg7 3. Nf3 c6 4.
Nc3 d5 5. h3 dxe4 6. Nxe4 Nd7 7. Bd3 Ngf6 8. Qe2 O-O 9. O-O Nxe4 10. Qxe4 c5 11. Re1 cxd4 12. Bg5 Nc5 13. Qxe7 Qxe7 14. Bxe7 Nxd3 15. cxd3 Re8 16. Bc5 Bf5 17. Bxd4 Bxd3 18. Bxg7 Kxg7 19. Ne5 Bf5 20. g4 Be6 21. a3 Rac8 22.
Rac1 Rxc1 23. Rxc1 Bd5 24. Nd3 Re7 25. Kh2 b6 26. Kg3 Bb7 27. Nf4 h6 28. h4 Rd7 29.
g5 hxg5 30. hxg5 Re7 31. Kg4 a5 32. Rc4 Rd7 33. b4 axb4 34. Rxb4 Rd6 35. Rc4 Rc6 36.
Rxc6 Bxc6 37. Ne2 Kf8 38. Kf4 Ke7 39. Ke5 Bb7 40. Nf4 Bc6 41. Nd3 Bb7 42. Nb2 Bc6 43.
Nc4 b5 44. Nd6 Bd7 45. Ne4 Bc6 46. Nc3 Kd7 47. Kf6 Ke8 48. f4 Kf8 49. Ne2 Be8 50. Nd4 Bd7 51. Nf3 Be8 52. Ne5 Kg8 53. Ke7 b4 54. axb4 Bb5 55. Nd7 Kg7 56. Nf6 Kh8 57. Kxf7 Bd3 58. Ke7 Kg7 59. Nd5 Be4 60. Nc7 1-0

[Event "Late-Titled-Tuesday-Blitz-January-16-2024"]
[Site "Chess.com"]
[Date "2024.01.16"]
[Round "2"]
[White "OparinGrigoriy"]
[Black "Jarrahi2452"]
[Result "1-0"]
[WhiteElo "3056"]
[BlackElo "2619"]
[TimeControl "180+1"]
[EndTime "14:18:49 PST"]
[Termination "OparinGrigoriy won by resignation"]

1. Nf3 d5 2. g3 Bf5 3. Bg2 c6 4. c4 e6 5. Qb3 Qb6 6. d3 Nd7 7. Be3 Bc5 8. Bxc5 Nxc5 9. Qxb6 axb6 10. cxd5 exd5 11. Nc3 Nf6 12. O-O h6 13. a4 O-O 14.
b4 Ne6 15. a5 bxa5 16. bxa5 Ra6 17. Rfb1 Rfa8 18. Rxb7 Rxa5 19. Rab1 Nc5 20. Rb8+ Kh7 21. h3 Ra3 22. Rxa8 Rxa8 23. Nd4 Bd7 24. Rc1 Ne6 25. Nxe6 fxe6 26. d4 Ra5 27. Nb1 Ra2 28. e3 Kg6 29. Nc3 Ra3 30. Ne2 Kf7 31. Rb1 Ra7 32. Nf4 Ke7 33. Ng6+ Kd6 34. Rb2 c5 35. Rb6+ Bc6 36. Ne5 Rc7 37. Ra6 Nd7 38. Nxd7 Rxd7 39. dxc5+ Kxc5 40. f4 Re7 41. Kf2 e5 42. g4 exf4 43. exf4 Rc7 44. Ra2 d4 45. Bxc6 Rxc6 46. Ra7 g6 47.
Kf3 Kc4 48. Ra4+ Kd3 49. f5 gxf5 50. gxf5 Kc3 51. Ke4 Rc8 52. Ra3+ Kc4 53. f6 Re8+ 54. Kf5 d3 55. f7 Rd8 56. Ra1 Kc3 57. Kg6 Rf8 58. Kg7 Rd8 59. f8=Q Rxf8 60. Kxf8 d2 61. h4 Kc2 62. h5 d1=Q 63. Rxd1 Kxd1 64. Kg7 Ke2 65.
Kxh6 1-0

[Event "Late-Titled-Tuesday-Blitz-January-16-2024"]
[Site "Chess.com"]
[Date "2024.01.16"]
[Round "2"]
[White "mightysmasher"]
[Black "Zampronha1971"]
[Result "1-0"]
[WhiteElo "2564"]
[BlackElo "2332"]
[TimeControl "180+1"]
[EndTime "14:18:56 PST"]
[Termination "mightysmasher won on time"]

1. e4 c5 2. c3 Nf6 3. e5 Nd5 4.
d4 cxd4 5. cxd4 e6 6. Nf3 b6 7. Nc3 Bb7 8. Bd3 Nxc3 9. bxc3 Qc7 10. Bd2 d6 11. exd6 Bxd6 12. O-O Nd7 13. Kh1 O-O 14. Qe2 Rac8 15. Ng5 Nf6 16. Nf3 Rfe8 17. Rfe1 Bf4 18. Bxf4 Qxf4 19. Qe3 Nd5 20. Qxf4 Nxf4 21. Bb5 Red8 22.
Rac1 Rc7 23. Bf1 Rdc8 24. c4 Bd5 25. Nd2 b5 26. c5 a6 27. a4 bxa4 28. Ra1 Rb8 29.
Rxa4 Rb2 30. Nc4 Rxf2 31. Ne3 Rd2 32. Nxd5 Nxd5 33. Rxa6 g6 34. Ra4 Nc3 35. Rb4 Kg7 36. Kg1 Nd5 37. Ra4 Ne7 38. g4 Nc6 39. Re4 Rd1 40.
h4 Rd7 41. h5 R7xd4 42. Rexd4 Rxd4 43. Rxd4 Nxd4 44. Bg2 Kf8 45. hxg6 hxg6 46. Kf2 Ke7 47. Ke3 Nb5 48. Bf1 Nc7 49. Kd4 Kd7 50. Bg2 Ke7 51.
g5 f6 52. gxf6+ Kxf6 53. Bf3 Kf5 54. Be4+ Kf6 55. Bf3 e5+ 56. Ke4 Ne6 57. c6 Nc7 58.
Bg4 Nb5 59. Be2 Nd6+ 60. Kd5 1-0

[Event "Late-Titled-Tuesday-Blitz-January-16-2024"]
[Site "Chess.com"]
[Date "2024.01.16"]
[Round "2"]
[White "Aguiar94"]
[Black "DavidGavrilescu18"]
[Result "0-1"]
[WhiteElo "2528"]
[BlackElo "2770"]
[TimeControl "180+1"]
[EndTime "14:18:59 PST"]
[Termination "DavidGavrilescu18 won by resignation"]

1. e4 c5 2. Nf3 a6 3. c3 e6 4. d4 d5 5. e5 Bd7 6. Be3 cxd4 7.
cxd4 Bb5 8. Nc3 Bxf1 9. Kxf1 Nc6 10. h3 Nge7 11. g4 Ng6 12. Kg2 Be7 13. g5 h6 14.
h4 hxg5 15. hxg5 Rxh1 16. Qxh1 Kd7 17. Qh3 Rc8 18. Nxd5 Qa5 19. Nc3 Nb4 20. d5 Nxd5 21. Rd1 Rxc3 22. bxc3 Kc7 23. Qg4 Qxa2 24. Bd4 Ngf4+ 25.
Kh1 Qc2 26. Re1 Nd3 27. Rf1 Qe2 28. Kg1 N5f4 29. c4 Qe4 30. Kh2 Bb4 31. Be3 Bc3 32.
Kg3 Ne2+ 33. Kh4 Ndf4 34. Bxf4 Nxf4 35. Rd1 Bxe5 36. Nxe5 Qxe5 37. Kg3 Nd3+ 38. Kg2 Nc5 39. Rd2 a5 40. Re2 Qd6 41. Qf3 Qe7 42. Qe3 b6 43.
Qe5+ Kb7 44. Rd2 f6 45. gxf6 gxf6 46. Qd6 Qg7+ 47. Kf1 Qg4 48. Qe7+ Ka6 49. Qxf6 Qxc4+ 50. Kg1 a4 51. Qb2 e5 52. Re2 e4 53. Re3 Nd3 54. Qa3 b5 55. Qd6+ Ka5 56. Qd8+ Kb4 57. Qe7+ Kb3 58. Rxe4 Qc1+ 59. Kg2 a3 60. Qe6+ Kb2 61. Re3 Nf4+ 62. Kf3 Nxe6 63. Rxe6 a2 64. Re2+ Qc2 65. Rxc2+ Kxc2 0-1

[Event "Late-Titled-Tuesday-Blitz-January-16-2024"]
[Site "Chess.com"]
[Date "2024.01.16"]
[Round "2"]
[White "KamilGrycel"]
[Black "RamyresCoelho"]
[Result "1/2-1/2"]
[WhiteElo "2507"]
[BlackElo "2259"]
[TimeControl "180+1"]
[EndTime "14:18:59 PST"]
[Termination "Game drawn - insufficient material"]

1. d4 Nf6 2. Nf3 g6 3. Bf4 Nh5 4.
Be5 Bg7 5. Bxg7 Nxg7 6. e4 O-O 7. Nbd2 c5 8. c3 cxd4 9. cxd4 b6 10. Rc1 Bb7 11.
Bd3 d6 12. O-O Nd7 13. Qe2 Rc8 14. Ba6 Rxc1 15. Rxc1 Qb8 16. Bxb7 Qxb7 17. Qc4 Rb8 18. Qc7 Ne8 19. Qxb7 Rxb7 20. Rc8 Rb8 21. Rc3 Rb7 22. b4 Rc7 23. Rxc7 Nxc7 24. Kf1 f6 25. Ke1 Kf7 26.
Ke2 e5 27. d5 h6 28. Kd3 f5 29.
a3 fxe4+ 30. Nxe4 Nxd5 31. Nxd6+ Ke6 32. Nb5 N7f6 33. Nd2 a6 34. Nc3 Nf4+ 35. Kc4 Nxg2 36. a4 Ng4 37. Nde4 Nxh2 38. a5 bxa5 39. bxa5 Nf3 40.
Nc5+ Kf5 41. Nxa6 h5 42. Nb4 e4 43. Kd5 Nf4+ 44. Kc6 Ne5+ 45. Kc7 Ne6+ 46. Kb8 Nc5 47.
Ncd5 h4 48. Ne3+ Kf4 49. Nbd5+ Kf3 50. Nf1 Nc6+ 51. Kc7 Nxa5 52. Kb6 Nab3 53. Nc3 Nd3 54. Nh2+ Kxf2 55. Nxe4+ Kg2 56. Ng4 h3 57. Ng5 h2 58.
Nxh2 Kxh2 59. Kc7 Kg3 60. Kd6 Kg4 61. Nh7 Nf4 62. Ke5 Nd2 63. Kf6 Nf3 64. Nf8 g5 65. Nh7 Nh5+ 66. Ke7 Nf4 67. Nxg5 Kxg5 1/2-1/2

[Event "Late-Titled-Tuesday-Blitz-January-16-2024"]
[Site "Chess.com"]
[Date "2024.01.16"]
[Round "2"]
[White "Karacsonyi_Gellert"]
[Black "pooh2012"]
[Result "1/2-1/2"]
[WhiteElo "2779"]
[BlackElo "2538"]
[TimeControl "180+1"]
[EndTime "14:19:00 PST"]
[Termination "Game drawn by repetition"]

1. e4 c6 2. d4 d5 3. exd5 cxd5 4. Bd3 Nc6 5. c3 Qc7 6. Ne2 Bg4 7. f3 Bd7 8. O-O e6 9. Bf4 Bd6 10. Bxd6 Qxd6 11.
Nd2 Nge7 12. f4 O-O 13. Nf3 f6 14. Qe1 Be8 15. Qg3 Bg6 16. Bb5 a6 17. Bxc6 Nxc6 18. Rae1 Rae8 19. Nh4 Bh5 20. Nc1 Ne7 21. Nd3 b6 22.
Re3 Nf5 23. Nxf5 exf5 24. Rfe1 a5 25. Kf2 Re4 26. Qh3 Bg4 27. Qh4 Rfe8 28. Rxe4 dxe4 29. h3 Re7 30. Ne5 fxe5 31. fxe5 Qe6 32. hxg4 Rf7 33. gxf5 Rxf5+ 34. Kg1 Qxa2 35. Qxe4 g6 36. Qe2 Qe6 37.
Rf1 Kf7 38. Rxf5+ Qxf5 39. d5 Ke7 40. e6 Qxd5 41. Qa6 Qxe6 42. Qa7+ Kf6 43. Qxh7 Qe1+ 44. Kh2 Qe5+ 45. Kg1 Qe1+ 46. Kh2 Qe5+ 47. Kh3 Qf5+ 48.
Kg3 Qe5+ 49. Kf2 Qf4+ 50. Kg1 Qc1+ 51. Kh2 Qxb2 52. Qh4+ Kf7 53. Qf4+ Kg7 54. Qe5+ Kh7 55. Qe7+ Kh6 56. Qh4+ Kg7 57. Qd4+ Kh6 58. Qe3+ Kh7 59.
Qe7+ Kh6 60. Qf8+ Kh7 61. Qf7+ Kh6 62. Qf4+ Kg7 63. Qe5+ Kh7 64. Qe7+ 1/2-1/2

[Event "Late-Titled-Tuesday-Blitz-January-16-2024"]
[Site "Chess.com"]
[Date "2024.01.16"]
[Round "2"]
[White "Sjakkerntobi"]
[Black "hsd2016"]
[Result "1-0"]
[WhiteElo "2526"]
[BlackElo "2273"]
[TimeControl "180+1"]
[EndTime "14:19:02 PST"]
[Termination "Sjakkerntobi won by resignation"]

1. e4 e5 2. Nf3 Nc6 3. Bc4 Nf6 4.
d3 Bc5 5. c3 O-O 6. O-O h6 7.
h3 d6 8. a4 a6 9. Re1 Re8 10.
Nbd2 Bd7 11. Nf1 Qc8 12. Be3 Be6 13. Bxe6 Qxe6 14. b4 Bxe3 15. Nxe3 d5 16. Qc2 d4 17.
Nc4 dxc3 18. Qxc3 Rad8 19. b5 Nd4 20. Nfxe5 axb5 21. axb5 Nxb5 22. Qb3 c6 23. Nf3 Nh5 24. Ncd2 Qg6 25. Nh4 Qf6 26. Nf5 Nf4 27. Re3 Qg5 28.
Ng3 Qf6 29. Rd1 Nd4 30. Qxb7 Rb8 31. Qa7 Rb2 32. e5 Qd8 33. Nc4 Rb4 34. Re4 Nfe6 35.
Qa1 Re7 36. Ne3 Qb8 37. Nef5 Ra7 38. Qc1 Nb3 39. Qc3 Rxe4 40. Nxe4 Rd7 41. Rb1 Rb7 42. Nfd6 Rb6 43. Nc4 Rb5 44. Ned6 Rb4 45. Nf5 g6 46. Nfe3 Ned4 47. Re1 Nc5 48. Qxd4 Ne6 49. Qh4 Kh7 50. Ng4 Qf8 51. Nf6+ Kg7 52. Re4 Rb1+ 53. Kh2 Ng5 54. Ng4 Qh8 55. Rf4 Rb7 56. Qg3 Ne6 57. Rf3 h5 58. Nf6 h4 59. Qg4 Rb4 60. Ne4 Qb8 61. Ncd6 Nd8 62. Qg5 Rxe4 63. Nxe4 Ne6 64. Qf6+ 1-0

[Event "Late-Titled-Tuesday-Blitz-January-16-2024"]
[Site "Chess.com"]
[Date "2024.01.16"]
[Round "2"]
[White "Fh2411"]
[Black "rasmussvane"]
[Result "0-1"]
[WhiteElo "2594"]
[BlackElo "2981"]
[TimeControl "180+1"]
[EndTime "14:19:05 PST"]
[Termination "rasmussvane won on time"]

1. d4 d5 2. Nf3 e6 3. c4 a6 4. Nbd2 dxc4 5. Nxc4 b5 6. Nce5 Bb7 7. Qc2 Nf6 8. e3 Bd6 9. Bd2 Qe7 10. Rc1 O-O 11. Bd3 h6 12. O-O Rc8 13. a4 b4 14. Nc4 Nbd7 15. a5 c5 16. Nxd6 Qxd6 17. Qd1 e5 18. Bf5 cxd4 19. exd4 exd4 20. Qb3 Rxc1 21. Rxc1 Rb8 22.
Qd3 Bxf3 23. Qxf3 Ne5 24. Qg3 Nh5 25. Qh3 Nf6 26. Bf4 Qd5 27. Bd3 Ra8 28. Rd1 Nxd3 29. Qxd3 Qxa5 30. Qxd4 Qb5 31. Bxh6 Qh5 32. Be3 a5 33. h3 Re8 34. Rc1 Qf5 35. Qc5 Re5 36. Qc8+ Qxc8 37. Rxc8+ Kh7 38. Ra8 Rd5 39. Kh2 Ne4 40.
Bb6 Rd2 41. Rxa5 Rxb2 42. f3 Nd2 43. Kg3 Nf1+ 44. Kf4 Rxg2 45. Rb5 Rb2 46. Bd4 Rb1 47. Rb7 Kg6 48. Rb6+ f6 49. Rb8 Rb3 50. Bc5 Nd2 51.
Rxb4 Rxf3+ 52. Kg4 f5+ 53. Kh4 Ne4 54. Rb6+ Kh7 55. Rb7 Kh6 56. Bf8 Rg3 57. Rb6+ Kh7 58. Rb7 Kg8 59. Be7 Kh8 60. Bd8 Kh7 61. Be7 Rg6 0-1

[Event "Late-Titled-Tuesday-Blitz-January-16-2024"]
[Site "Chess.com"]
[Date "2024.01.16"]
[Round "2"]
[White "Hirna2005"]
[Black "aa175"]
[Result "0-1"]
[WhiteElo "2257"]
[BlackElo "2677"]
[TimeControl "180+1"]
[EndTime "14:19:06 PST"]
[Termination "aa175 won by resignation"]

1. e4 e5 2. Nf3 Nf6 3. Nxe5 d6 4. Nf3 Nxe4 5. Nc3 Nxc3 6. dxc3 Be7 7. Bf4 Nd7 8. Qd2 O-O 9. O-O-O Re8 10. h3 Nc5 11.
Nd4 Ne6 12. Nf5 Nxf4 13. Nxe7+ Qxe7 14. Qxf4 Be6 15. a3 Qd7 16. Bd3 Qc6 17. g4 Qc5 18.
Rhe1 Kh8 19. Re3 a5 20. Rde1 b5 21. Bf5 Rf8 22. Bxe6 fxe6 23. Qe4 b4 24. cxb4 axb4 25. Qxb4 Qxb4 26. axb4 Rxf2 27. Kb1 e5 28. R3e2 Rf3 29. Re3 Rf4 30. c3 g6 31. Kc2 Kg7 32. Kb3 Kf6 33. c4 Ke6 34. b5 g5 35. Kb4 Rb8 36. b3 h6 37. Kc3 Kd7 38. Ra1 Rff8 39. Ra6 Ra8 40.
Kb4 Rxa6 41. bxa6 Kc6 42. Ka5 Rf1 43. a7 Kb7 44. Kb5 c6+ 45. Kb4 Kxa7 46. c5 Rf4+ 47. Kc3 dxc5 48. Rxe5 Rf3+ 49. Kc4 Kb6 50. Re6 Rxh3 51.
Rg6 Rh4 52. Kc3 Kb5 53. Rd6 Rxg4 54. Rxh6 c4 55. bxc4+ Kc5 56. Rg6 Rxc4+ 57. Kd3 Rg4 58. Rg8 Rg1 59. Ke4 Kc4 60. Rg6 c5 61. Ke3 Kc3 62. Ke2 c4 63. Kf2 Rg4 64. Ke2 Kc2 65.
Rc6 c3 66. Rb6 Kc1 67. Ke1 c2 68. Ke2 Re4+ 69. Kd3 Rh4 70. Rc6 Rh3+ 71. Ke2 g4 72. Rb6 g3 73. Kf3 Kd2 74. Kg2 c1=Q 75. Rd6+ Ke3 76. Re6+ Kf4 77. Rf6+ Kg5 0-1